 Dungeon Crawl Stone Soup version 0.31-a0-435-g2c6fae2916 (webtiles) character file.

Game seed: 11349813005935341403

207 MisterAzrael the Shield-Bearer (level 6, -9/48 HPs)
             Began as a Formicid Fighter on Aug 2, 2023.
             Killed by divine providence
             ... invoked by an orc priest
              (15 damage)
             ... on level 2 of the Dungeon.
             The game lasted 00:02:26 (1275 turns).

MisterAzrael the Shield-Bearer (Formicid Fighter)   Turns: 1275, Time: 00:02:26

Health: -9/48      AC:  7    Str: 20 (23) XL:     6   Next: 10%
Magic:  6/6        EV:  9    Int:  6 (7)  God:
Gold:   45         SH:  5    Dex: 12 (13) Spells: 5/5 levels left

rFire   . . .        f - +0 great sword
rCold   . . .        c - +0 buckler
rNeg    . . .        b - +0 scale mail
rPois   .            (helmet unavailable)
rElec   .            i - scarf {harm}
rCorr   .            (no gloves)
SInv    +            (no boots)
Will    .....        (no amulet) Stlth
                     (no ring)
HPRegen 0.28/turn    (no ring)
MPRegen 0.10/turn

%: harm (+30% outgoing, +20% incoming)
@: brilliant
A: permanent stasis, dig shafts and tunnels, antennae 3, four strong arms
a: Dig, Shaft Self


You were on level 2 of the Dungeon.
You visited 1 branch of the dungeon, and saw 2 of its levels.

You collected 45 gold pieces.

Inventory:

Hand Weapons
 a - a +0 war axe
 f - a +0 great sword (weapon)
Missiles
 n - 4 curare-tipped darts
Armour
 b - a +0 scale mail (worn)
 c - a +0 buckler (worn)
 i - a scarf of harm (worn)
Scrolls
 d - a scroll of enchant weapon {unknown}
 j - a scroll of noise {unknown}
 l - a scroll of teleportation {unknown}
 m - 2 scrolls of identify {unknown}
Potions
 h - a potion of degeneration
 k - 3 potions of curing {unknown}


   Skills:
 + Level 4.0 Fighting
 * Level 2.9 Long Blades
 - Level 2.0 Axes
 + Level 4.0 Armour
 * Level 5.9 Shields


You had 5 spell levels left.
You didn't know any spells.
Your spell library was empty.

Dungeon Overview and Level Annotations

Branches:
Dungeon (2/15)

Altars:

Shops:
D:1 [

Annotations:
D:2 1 runed translucent door, Crazy Yiuf


Innate Abilities, Weirdness & Mutations

You cannot be hasted, slowed, berserked, paralysed or teleported.
You can dig through walls and to a lower floor.
You have a pair of large antennae on your head. (SInv)
Your four strong arms can wield two-handed weapons with a shield.


Message History

Crazy Yiuf yells, "Aardvark leg sanguine!"
Found an escape hatch in the floor.
There is an escape hatch in the floor here.
You sense a monster nearby.
An orc wizard and 3 orcs come into view.
The orc shouts! x3; You hear a shout! x2
An orc priest and an orc wizard come into view.
The orc priest shouts!
The orc wizard shouts!
An orc wizard comes into view. It is wielding a +0 dagger.
You slash the orc wizard!
The orc wizard is severely wounded.
You block the orc wizard's attack. The orc wizard closely misses you.
You hit the orc wizard.
You kill the orc wizard!
The orc barely misses you. The orc hits you but does no damage.
The orc priest calls down the wrath of Beogh upon you.
Beogh smites you!
You have reached level 6!
It was a potion of degeneration.
There was something very wrong with that liquid.
You feel weakened.
You feel dopey.
You feel clumsy. The orc hits you with a +0 hand axe.
The orc hits you with a +0 falchion.
The orc priest invokes the aid of Beogh against you.
Beogh smites you!
* * * LOW HITPOINT WARNING * * *
It was a potion of brilliance.
You feel clever all of a sudden. The orc hits you but does no damage.
The orc hits you with a +0 falchion.
* * * LOW HITPOINT WARNING * * *
The orc wizard hits you but does no damage.
Okay, then.
It was a potion of magic.
Magic courses through your body. The orc hits you with a +0 hand axe.
* * * LOW HITPOINT WARNING * * *
The orc barely misses you.
The orc wizard hits you but does no damage.
The orc barely misses you.
The orc priest mumbles some strange prayers to Beogh against you.
Beogh smites you!
You die...

#.##.#####.##################
#.#.........................#
#.#........################.#
#.#.#......# #.# #.#+#'####.#
#.# #<.......#.#### #.#
#.....(.......##### #.#
#..........##..o..#### #.#
###)#+#####....o@o......
#.###
....#+#####.^.#ooo....#.
#.... ###.......#...#.~...~.#
##### #.......#...#.......#
#.......#)..#.......#
###'#####...#.......#
##'#####...#.~...~.#
#..........#.......#
#.....###..# {


You could see an orc priest, 2 orc wizards and 3 orcs.

Vanquished Creatures
  Sigmund (D:2)
  An orc wizard (D:2)
  A worm (D:2)
  2 dart slugs (D:1)
  3 endoplasms (D:1)
  2 hobgoblins (D:1)
  2 quokkas (D:1)
  5 ball pythons
  6 bats (D:1)
  A frilled lizard (D:1)
  3 kobolds
  A rat (D:2)
28 creatures vanquished.

Notes
Turn   | Place    | Note
-------+----------+-------------------------------------------
     0 | D:1      | MisterAzrael the Formicid Fighter began the quest for the
                  | Orb.
     0 | D:1      | Reached XP level 1. HP: 18/18 MP: 1/1
   137 | D:1      | Reached XP level 2. HP: 22/24 MP: 2/2
   216 | D:1      | Found Ohyagin's Antique Armour Shoppe.
   223 | D:1      | Reached skill level 1 in Long Blades
   244 | D:1      | Found a faded altar of an unknown god.
   391 | D:1      | Reached XP level 3. HP: 28/29 MP: 3/3
   871 | D:2      | Noticed Sigmund
   891 | D:2      | Killed Sigmund
   892 | D:2      | Reached skill level 5 in Shields
   892 | D:2      | Reached XP level 4. HP: 20/37 MP: 4/4
   892 | D:2      | Reached XP level 5. HP: 22/42 MP: 5/5
  1154 | D:2      | Found a runed translucent door.
  1155 | D:2      | Noticed Crazy Yiuf
  1273 | D:2      | Reached XP level 6. HP: 30/48 MP: 6/6
  1275 | D:2      | Killed from afar by an orc priest

Illustrated notes

Levels and vault maps discovered:
D:1:      ldierk_walled_garden_2, layout_basic, serial_shops,
          nicolae_shop_overgrown_old_shop, basic_ecumenical_altar,
          minmay_hexomino_f4
D:2:      cheibrodos_pilgrimage, layout_basic, uniq_sigmund,
          uniq_crazy_yiuf_cottage

Skill      XL: |  1  2  3 |
---------------+----------+-----
Long Blades    | 1 2 |  2.9
Fighting       | 4 |  4.0
Armour         | 4 |  4.0
Shields        | 5 |  5.9
Axes           | |  2.0

Action                     |  1- 3 |  4- 6 || total
---------------------------+-------+-------++-------
  Melee: Great sword       |    90 |     5 ||    95
         War axe           |     2 |       ||     2
    Use: Potion            |     1 |     3 ||     4
 Armour: Scale mail        |    61 |     4 ||    65
  Dodge: Dodged            |    50 |     5 ||    55
  Block: Buckler           |    29 |     1 ||    30

Table legend: (Time is in decaauts)
 A = Elapsed time spent in this place.
 B = Non-inter-level travel time spent in this place.
 C = Inter-level travel time spent in this place.
 D = Time resting spent in this place.
 E = Time spent auto-exploring this place.
 F = Levels seen in this place.
 G = Mean time per level.
                   A        B        C        D        E       F      G
               +--------+--------+--------+--------+--------+-----+--------+
         Total |   1342 |   1317 |     25 |     66 |    919 |   2 |  671.0 |
       Dungeon |   1342 |   1317 |     25 |     66 |    919 |   2 |  671.0 |
               +--------+--------+--------+--------+--------+-----+--------+

Top non-repeatable levels by time:
     D:1: 754 daAuts
     D:2: 588 daAuts
